 Dungeon Crawl Stone Soup version 0.29-a0-1047-g7c58e119a4 (webtiles) character file.

Game seed: 17190230107415219548

70 frimble the Digger (level 4, 0/30 HPs)
             Began as a Demonspawn Earth Elementalist on Aug 17, 2022.
             Slain by Natasha (6 damage)
             ... on level 2 of the Dungeon.
             The game lasted 00:02:32 (2606 turns).

frimble the Digger (Demonspawn Earth Elementalist)  Turns: 2606, Time: 00:02:33

Health: 0/30       AC:  2    Str:  8    XL:     4   Next: 4%
Magic:  7/7        EV: 12    Int: 17    God:
Gold:   69         SH:  0    Dex: 15    Spells: 6/7 levels left

rFire   . . .      SeeInvis .   d - +0 short sword
rCold   . . .      Faith    .   (no shield)
rNeg    . . .      Spirit   .   a - +0 robe
rPois   .          Reflect  .   (helmet restricted)
rElec   .          Harm     .   (no cloak)
rCorr   .          Rampage  .   (no gloves)
Will    .....                   (no boots)
Stlth   ++........              (no amulet)
HPRegen 0.10/turn               (no ring)
MPRegen 0.10/turn               (no ring)

@: about to teleport, flying, slowed, very slow
A: antennae 2, powered by pain 1
a: no special abilities


You were on level 2 of the Dungeon.
You visited 1 branch of the dungeon, and saw 2 of its levels.

You collected 69 gold pieces.

Inventory:

Hand Weapons
 d - a +0 short sword (weapon)
Missiles
 c - 4 javelins
 e - 5 silver javelins
Armour
 a - a +0 robe (worn)
Scrolls
 f - 3 scrolls of identify
 h - a scroll of noise {unknown}
Potions
 b - a potion of magic


   Skills:
 + Level 0.0 Fighting
 + Level 2.3 Dodging
 + Level 2.4 Stealth
 - Level 2.4 Spellcasting
 + Level 1.7 Transmutations
 + Level 3.1 Earth Magic


You had 6 spell levels left.
You knew the following spells:

 Your Spells              Type           Power      Damage    Failure   Level
a - Sandblast             Erth           24%        2d8       4%          1

Your spell library contained the following spells:

 Spells                   Type           Power      Damage    Failure   Level
 Passwall                 Tmut/Erth      8%         N/A       11%         2
 Stone Arrow              Conj/Erth      14%        3d7       28%         3
 Dazzling Flash           Conj/Hex       4%         N/A       50%         3
 Petrify                  Tmut/Erth      10%        N/A       56%         4
 Agony                    Necr           2%         N/A       99%         5
 Silence                  Hex/Air        1%         N/A       99%         5


Dungeon Overview and Level Annotations

Branches:
Dungeon (2/15)

Altars:

Annotations:
D:2 Natasha


Innate Abilities, Weirdness & Mutations

You have a pair of antennae on your head.
You sometimes gain a little power by taking damage.


Message History

Natasha casts a spell at you.
You feel yourself slow down. Natasha barely misses you.
Aiming: Sandblast (safe; 4% risk of failure)
Press: ? - help, Q - select action, (/) - cycle Shift-Dir - straight line, f - Natasha
Aim: Natasha (77% to hit)
The blast of sand misses Natasha.
The blast of sand hits the shadow imp.
The shadow imp is heavily wounded.
Natasha claws you.
Natasha casts a spell.
Aiming: Sandblast (safe; 4% risk of failure)
Press: ? - help, Q - select action, (/) - cycle Shift-Dir - straight line, f/p - Natasha
Aim: Natasha (77% to hit)
The blast of sand hits Natasha but does no damage.
Natasha barely misses you. x2
Aiming: Sandblast (safe; 4% risk of failure)
Press: ? - help, Q - select action, (/) - cycle Shift-Dir - straight line, f/p - Natasha
Aim: Natasha (77% to hit)
The blast of sand misses Natasha.
The blast of sand misses the shadow imp.
The blast of sand hits the white imp!
The white imp is severely wounded.
Natasha claws you! Natasha claws you. Natasha completely misses you.
Aiming: Sandblast (safe; 4% risk of failure)
Press: ? - help, Q - select action, (/) - cycle Shift-Dir - straight line, f/p - Natasha
Aim: Natasha (77% to hit)
The blast of sand hits Natasha.
Natasha is lightly wounded.
Natasha claws you. Natasha claws you but does no damage.
It was a potion of flight.
You feel very buoyant.
You fly up into the air.
The shadow imp disappears in a puff of smoke!
Natasha casts a spell at you. The magic dart hits you!
* * * LOW HITPOINT WARNING * * *
You focus on the pain.
You feel your power returning.
As you read the scroll of teleportation, it crumbles to dust.
You feel strangely unstable. Natasha barely misses you. Natasha claws you.
You die...

#.^..#.#
#.#.###.###
#.####.#
#.......#
#.# #.#
#####.#.#
#.# #.#
###.# #.#
#.#
######.#
#.# #.#
#......#
#.# #.#
#.###### #
#.# #.# #.#
P♣####.#
#.# #@#
PP...#.#
#.# #h#
~......#
#.# #5#
~....#.#
#.# #.#
~....#.#
#.# #..
PP...#.#
#.##.....
~~####.#
#.##.##.#
### #.#
#.##.##.#
#.#
#.##.##.#


You could see Natasha and a white imp (summoned).

Vanquished Creatures
  An adder (D:2)
  2 dart slugs
  3 bats (D:1)
  3 endoplasms
  2 giant cockroaches
  4 goblins (D:1)
  8 hobgoblins
  8 jackals
  2 kobolds
  A quokka (D:1)
  7 ball pythons (D:1)
  2 frilled lizards
  8 rats
51 creatures vanquished.

Vanquished Creatures (others)
  2 plants
2 creatures vanquished.

Grand Total: 53 creatures vanquished

Notes
Turn   | Place    | Note
-------+----------+-------------------------------------------
     0 | D:1      | frimble the Demonspawn Earth Elementalist began the quest
                  | for the Orb.
     0 | D:1      | Reached XP level 1. HP: 13/13 MP: 3/3
    56 | D:1      | Reached skill level 1 in Transmutations
   339 | D:1      | Gained mutation: You have a pair of small antennae on your
                  | head. [demonic ancestry]
   339 | D:1      | Reached XP level 2. HP: 19/19 MP: 5/5
  1017 | D:1      | Gained mutation: You have a pair of antennae on your head.
                  | [demonic ancestry]
  1017 | D:1      | Reached XP level 3. HP: 10/24 MP: 2/6
  1444 | D:1      | Reached skill level 3 in Earth Magic
  2152 | D:2      | Gained mutation: You sometimes gain a little power by
                  | taking damage. [demonic ancestry]
  2152 | D:2      | Reached XP level 4. HP: 10/30 MP: 0/7
  2597 | D:2      | Noticed Natasha
  2606 | D:2      | Slain by Natasha

Illustrated notes

Levels and vault maps discovered:
D:1:      spicycebolla_arrival_ecumenical, layout_loops_ring, serial_bayou,
          serial_bayou_lagoon_b, serial_bayou_pond_b, serial_bayou_crossing,
          serial_bayou_shore_b, serial_bayou_pond_b, serial_bayou_pond_b
D:2:      layout_loops_ring, serial_bayou, serial_bayou_pond_b,
          serial_bayou_shore_b, serial_bayou_shore_b, serial_bayou_shore_b,
          uniq_natasha

Skill      XL: |  1  2  3 |
---------------+----------+-----
Transmutations | 1 |  1.7
Stealth        | 2 |  2.4
Dodging        | 2 |  2.3
Earth Magic    | 3 |  3.1
Spellcasting   | |  2.4

Action                   |  1- 3 |  4- 6 || total
-------------------------+-------+-------++-------
Melee: Short sword       |    89 |     7 ||    96
       Punch             |     1 |       ||     1
Throw: Javelin           |     9 |       ||     9
 Cast: Sandblast         |    30 |     4 ||    34
  Use: Scroll            |     3 |     1 ||     4
       Potion            |       |     1 ||     1
 Stab: Sleeping          |     4 |       ||     4
Armor: Robe              |    23 |     1 ||    24
Dodge: Dodged            |   115 |     8 ||   123

Table legend: (Time is in decaauts)
 A = Elapsed time spent in this place.
 B = Non-inter-level travel time spent in this place.
 C = Inter-level travel time spent in this place.
 D = Time resting spent in this place.
 E = Time spent auto-exploring this place.
 F = Levels seen in this place.
 G = Mean time per level.
                   A        B        C        D        E       F      G
               +--------+--------+--------+--------+--------+-----+--------+
         Total |   2696 |   2633 |     63 |      0 |   2269 |   2 | 1348.0 |
       Dungeon |   2696 |   2633 |     63 |      0 |   2269 |   2 | 1348.0 |
               +--------+--------+--------+--------+--------+-----+--------+

Top non-repeatable levels by time:
     D:1: 2187 daAuts
     D:2: 508 daAuts
